 Dungeon Crawl Stone Soup version 0.27-a0-1322-gfdffb62a71 (webtiles) character file.

Game seed: 9691143632067578251

57 sanka the Insei (level 4, -8/31 HPs)
             Began as an Octopode Monk on June 22, 2021.
             Mangled by Terence (9 damage)
             ... on level 2 of the Dungeon.
             The game lasted 00:01:50 (1722 turns).

sanka the Insei (Octopode Monk)                     Turns: 1722, Time: 00:01:50

Health: -8/31      AC:  1    Str: 10    XL:     4   Next: 0%
Magic:  4/4        EV: 14    Int: 12    God:
Gold:   74         SH:  0    Dex: 15    Spells: 3/3 levels left

rFire    + . .     SeeInvis .     - Unarmed
rCold    . . .     Faith    .   (no shield)
rNeg     . . .     Spirit   .   (helmet restricted)
rPois    .         Reflect  .   (no amulet)
rElec    .         Harm     .   e - ring of protection from fire
rCorr    .         Rampage  .   (no ring)
Will     .....                  (no ring)
Stlth    +++.......             (no ring)
HPRegen  0.10/turn              (no ring)
MPRegen  0.09/turn              (no ring)
                                (no ring)
                                (no ring)

@: no status effects
A: almost no armour, amphibious, 8 rings, camouflage 1, gelatinous body 1,
(nimble swimmer 1), tentacles
a: no special abilities


You were on level 2 of the Dungeon.
You visited 1 branch of the dungeon, and saw 2 of its levels.

You collected 74 gold pieces.


Innate Abilities, Weirdness & Mutations

You cannot wear most types of armour.
You are amphibious.
You can wear up to eight rings at the same time.
Your skin changes colour to match your surroundings (Stealth+).
Your rubbery body absorbs attacks. (AC +1, EV +1)
((You are camouflaged near water. (Stealth+)))
You have tentacles for arms and can constrict up to eight enemies at once.


   Skills:
 + Level 3.5 Fighting
 + Level 3.4 Dodging
 - Level 2.6 Stealth
 * Level 4.0 Unarmed Combat


You had 3 spell levels left.
You didn't know any spells.
Your spell library contained the following spells:

 Spells                   Type           Power      Damage    Failure   Level
 Confusing Touch          Hex            0%         N/A       69%         3
 Gell's Gravitas          Tloc           0%         N/A       69%         3
 Petrify                  Tmut/Erth      0%         N/A       97%         4
 Metabolic Englaciation   Hex/Ice        0%         N/A       100%        5
 Yara's Violent Unravell  Hex/Tmut       0%         3d3       100%        5

Inventory:

Jewellery
 e - a ring of protection from fire (left tentacle)
Scrolls
 b - a scroll of identify {unknown}
 f - a scroll of holy word {unknown}
Potions
 a - a potion of mutation {unknown}
 c - a potion of cancellation {unknown}
 d - a potion of invisibility {unknown}
 g - a potion of flight {unknown}

Dungeon Overview and Level Annotations

Branches:
Dungeon (2/15)

Altars:

Annotations:
D:2 Terence

▒......▒ ...[ ▒......▒ ▒..
▒......▒ ▒.. ▒ ▒......▒ ▒▒..
▒ ▒.....<▒▒▒..▒ ▒▒▒▒▒▒▒▒▒
▒▒▒▒......▒▒...▒▒▒▒.......▒.
..........▒▒......†.........
▒▒▒............▒▒▒▒.........
▒▒▒.........▒▒..x@r.........
.................S........(.
............▒▒▒▒.▒▒.........
..▒.......................▒.
..▒.......▒▒...▒..▒.........
▒...▒..............▒▒▒.▒▒▒.▒
▒▒..).......▒▒▒▒.▒.▒ .▒ .
..........▒.▒ ▒..... .▒
.........▒▒.▒ ▒...▒.▒.▒▒


You could see Terence, an adder and a quokka.


Message History

You tentacle-slap Terence but do no damage.
Terence is lightly wounded.
You feel sick. The adder barely misses you.
Terence hits you with a +0 hand axe.
Unknown command.
You tentacle-slap Terence but do no damage.
Terence is lightly wounded.
You feel sick. The adder misses you.
Unknown command.
You completely miss Terence.
Terence is lightly wounded.
You feel sick. Terence hits you with a +0 hand axe.
* * * LOW HITPOINT WARNING * * *
The adder barely misses you. The quokka barely misses you.
You release your grip on Terence.
You feel sick. The adder closely misses you.
Terence shouts, "Get ready for death!"
You feel sick.
You are no longer poisoned.
The adder barely misses you. Terence hits you with a +0 hand axe.
* * * LOW HITPOINT WARNING * * *
There is a stone staircase leading down, spattered with blood here.
Terence hits you with a +0 hand axe!
You die...

Action                   |  1- 3 |  4- 6 || total
-------------------------+-------+-------++-------
Melee: Unarmed           |    75 |     6 ||    81
       Constrict         |    15 |     1 ||    16
       Tentacles         |    15 |       ||    15
       Punch             |     2 |       ||     2
 Stab: Sleeping          |     8 |       ||     8
Armor: Skin              |    17 |       ||    17
Dodge: Dodged            |    51 |    10 ||    61

Levels and vault maps discovered:
D:1:      lemuel_arrival_room, layout_basic
D:2:      layout_rooms, basic_altar, kennysheep_generic_room_5, uniq_terence

Notes
Turn   | Place    | Note
-------+----------+-------------------------------------------
     0 | D:1      | sanka the Octopode Monk began the quest for the Orb.
     0 | D:1      | Reached XP level 1. HP: 16/16 MP: 1/1
    24 | D:1      | Reached XP level 2. HP: 13/21 MP: 2/2
   787 | D:1      | Reached XP level 3. HP: 26/26 MP: 3/3
  1159 | D:2      | Noticed Terence
  1705 | D:2      | Reached skill level 4 in Unarmed Combat
  1708 | D:2      | Reached XP level 4. HP: 31/31 MP: 4/4
  1721 | D:2      | HP: 1/31 [Terence (6)]
  1722 | D:2      | Mangled by Terence

Vanquished Creatures
  An adder (D:2)
  A worm (D:2)
  A dart slug (D:1)
  9 bats
  5 endoplasms
  A giant cockroach (D:1)
  5 goblins
  3 hobgoblins
  A quokka (D:2)
  4 ball pythons (D:2)
  4 kobolds
  3 rats
38 creatures vanquished.
